AoeStats
← Juanfreelance

MegaRandom

508154217Analyzed
2v2 RM · 11d ago on Sep 21, 2026· 48m 50s· 4 players
Game mode
Random Map
Map size
Medium (4 player)
Population
200
Speed
Normal
Resources
Standard
Victory
Conquest
Starting age
Dark Age
Ending age
Imperial Age
RankedLock teamsTeams togetherTeam positionsShared explorationLock speedFull tech treeHidden civsTurbo modeCheats
Victory
Defeat
🇵🇦 Persians · Panama
1226
+14
🇦🇷 Huns · Argentina
1194
+15
🇲🇽 Vikings · Mexico
1254
-17
🇵🇪 Mongols · Peru
1102
-12
elPreto
10:53 Feudal Age
10:46 Loom
14:41 Castle Age
13:56 Double-Bit Axe
14:45 Gold Mining
17:18 Horse Collar
17:37 Town Watch
18:24 Heavy Plow
18:56 Bow Saw
22:33 Fervor
24:40 Husbandry
25:30 Bloodlines
25:42 Scale Barding Armor
26:48 Forging
28:11 Wheelbarrow
28:31 Chain Barding Armor
29:17 Gold Shaft Mining
31:47 Hand Cart
34:03 Imperial Age
35:27 Iron Casting
34:48 Stone Mining
34:31 Cavalier
35:47 Plate Barding Armor
36:33 Two-Man Saw
36:51 Paladin
40:26 Fletching
41:37 Blast Furnace
40:32 Fletching
46:35 Atheism
46:43 Masonry
48:00 Bodkin Arrow
48:05 Padded Archer Armor
49:09 Chemistry
48:30 Ballistics
49:22 Devotion
Juanfreelance
3:12 Loom
10:41 Feudal Age
11:07 Double-Bit Axe
11:53 Horse Collar
20:21 Castle Age
19:23 Bloodlines
23:25 Pikeman
24:06 Squires
32:33 Forging
32:59 Scale Mail Armor
35:52 Kamandaran
Exori
7:37 Loom
11:01 Feudal Age
18:03 Castle Age
18:40 Pikeman
19:19 Horse Collar
19:28 Double-Bit Axe
25:38 Town Watch
27:09 Forging
28:09 Scale Mail Armor
29:54 Iron Casting
33:13 Chain Mail Armor
33:00 Squires
33:13 Light Cavalry
35:46 Bow Saw
36:39 Heavy Plow
47:52 Imperial Age
46:34 Coinage
Havoc_
4:22 Loom
10:11 Feudal Age
10:55 Double-Bit Axe
12:25 Horse Collar
13:24 Scale Barding Armor
14:16 Bloodlines
18:39 Castle Age
17:37 Forging
18:45 Pikeman
22:30 Husbandry
28:14 Town Watch
29:05 Wheelbarrow
30:58 Chain Barding Armor
32:00 Light Cavalry
39:17 Imperial Age
39:17 Scale Mail Armor
39:33 Squires
Connection lost

Rejoining the realm…

Still unreachable

The connection could not be restored.

Session expired

The server has moved on; the page needs a fresh start.